 Dungeon Crawl Stone Soup version 0.17.0-28-g6e173f8 (console) character file.

8457 lauthentik the Fighter (level 11, -2/95 HPs)
             Began as a Centaur Fighter on Dec 1, 2015.
             Was an Elder of the Shining One.
             Slain by a hill giant
             ... wielding a +0 giant spiked club
              (22 damage)
             ... on level 3 of the Orcish Mines.
             The game lasted 00:49:28 (9827 turns).

lauthentik the Fighter (Centaur Fighter)            Turns: 9827, Time: 00:49:28

Health: -2/95      AC: 22    Str: 21    XL:     11   Next: 10%
Magic:  1/11       EV:  4    Int:  5    God:    the Shining One [****..]
Gold:   994        SH: 11    Dex: 12    Spells: 0 memorised, 10 levels left

rFire  . . .     SeeInvis +     p - +3 mace (protect)
rCold  . . .     Clarity  .     W - +0 plate armour
rNeg   + + +     SustAt   .     c - +0 shield
rPois  .         Gourm    .     f - +2 helmet
rElec  .         Spirit   .     o - +1 cloak
rCorr  .         Warding  .     z - +0 pair of gloves
rMut   .         Stasis   .     (no barding)
MR     .....                    (no amulet)
Stlth  ..........               E - ring of positive energy
                                q - ring of see invisible

@: glowing, very quick, not resistant to hostile enchantments, extremely
unstealthy
A: hooves 3, blurry vision 1, deformed body, dopey 1, speed 2, strong 1, tough
skin 3, MP-powered wands
a: Divine Shield, Cleansing Flame, Renounce Religion


You were on level 3 of the Orcish Mines.
You worshipped the Shining One.
The Shining One was greatly pleased with you.
You were hungry.

You visited 2 branches of the dungeon, and saw 12 of its levels.

You collected 1020 gold pieces.
You spent 26 gold pieces at shops.

Inventory:

Hand Weapons
 a - a +0 war axe
 p - a +3 mace of protection (weapon)
 x - a +0 flail of crushing
Missiles
 S - 12 tomahawks (quivered)
 Y - 4 tomahawks of returning
Armour
 c - a +0 shield (worn)
 f - a +2 helmet (worn)
 o - a +1 cloak (worn)
 z - a +0 pair of gloves (worn)
 W - a +0 plate armour (worn)
Jewellery
 q - a ring of see invisible (left hand)
 E - a ring of positive energy (right hand)
Wands
 u - a wand of teleportation (2)
 D - a wand of lightning (1)
 K - a wand of lightning (6)
 N - a wand of lightning (9)
 O - a wand of slowing (7)
 Q - a wand of flame (14)
 U - a wand of invisibility (2)
Scrolls
 g - 2 scrolls of enchant armour
 j - 3 scrolls of magic mapping {unknown}
 l - a scroll of identify
 r - 2 scrolls of amnesia {unknown}
 v - a scroll of fog {unknown}
 A - 2 scrolls of recharging
 B - 2 scrolls of remove curse
 H - a scroll of random uselessness {unknown}
 I - 2 scrolls of noise {unknown}
 M - a scroll of blinking {unknown}
 T - 2 scrolls of teleportation
 V - a scroll of immolation {unknown}
 Z - a scroll of fear {unknown}
Potions
 b - 2 potions of mutation
 d - 2 potions of brilliance {unknown}
 h - 3 potions of curing
 k - 3 potions of resistance
 m - 2 potions of ambrosia {unknown}
 s - 2 potions of haste {unknown}
 t - a potion of agility {unknown}
 C - 2 potions of heal wounds
 G - a potion of beneficial mutation {unknown}
 J - a potion of cure mutation {unknown}
 L - a potion of flight {unknown}
Books
 P - a book of Spatial Translocations

   Spells                             Type                      Level
   a - Apportation                    Translocation                1
   b - Blink                          Translocation                2
   c - Shroud of Golubria             Charms/Translocation         2
   d - Portal Projectile              Translocation                3
   e - Teleport Other                 Translocation                3
   f - Passage of Golubria            Translocation                4
 R - a book of Power

   Spells                             Type                      Level
   a - Fulminant Prism                Conjuration/Hexes            4
   b - Iskenderun's Mystic Blast      Conjuration                  4
   c - Venom Bolt                     Conjuration/Poison           5
   d - Bolt of Magma                  Conjuration/Fire/Earth       5
   e - Iron Shot                      Conjuration/Earth            6
   f - Orb of Destruction             Conjuration                  7
   g - Spellforged Servitor           Conjuration/Summoning        7
Comestibles
 e - 5 bread rations
 i - a royal jelly
 n - 5 meat rations
 w - 9 beef jerkies
 F - 4 fruits


   Skills:
 + Level 8.6 Fighting
 - Level 2.0(5.6) Axes
 + Level 8.3(8.5) Maces & Flails
 + Level 2.4 Throwing
 + Level 6.0 Armour
 + Level 2.5 Dodging
 + Level 0.2 Stealth
 + Level 7.0 Shields
 + Level 0.6 Evocations


You had 10 spell levels left.
You didn't know any spells.

Dungeon Overview and Level Annotations

Branches:
Dungeon (9/15)             Temple (0/1) D:5             Orc (3/4) D:9
   Lair: D:8-11         Elf: Orc:3-4

Altars:
Ashenzari
Cheibriados
Dithmenos
Elyvilon
Fedhas
Nemelex Xobeh
Ru
Trog
Vehumet
Yredelemnul
The Shining One
Beogh

Shops:
D:4 ?   Orc:2 *

Annotations:
Orc:2 ConnectionFaild's ghost, adept SpHu


Innate Abilities, Weirdness & Mutations

You have hooves in place of feet.
Armour fits poorly on your strangely shaped body.
You cover ground very quickly.
You have extremely tough skin (AC +3).
Scrolls take you a little longer to read.
You are dopey. (Int -2)
Your muscles are strong. (Str +2)
You expend magic power (3 MP) to strengthen your wands.


Message History

The hill giant is heavily wounded.
The bolt of lightning hits the wolf.
You kill the wolf!
This wand has 1 charge left.
You hear a shout!
Quiver which item? (- for none, * to show all) (? for menu, Esc to quit)
Okay, then.
Quiver which item? (- for none, * to show all) (? for menu, Esc to quit)
Okay, then.
Drink which item? (? for menu, Esc to quit)
You feel much better.
You hit the hill giant.
You kick the hill giant, but do no damage.
The hill giant is heavily wounded.
The hill giant hits you with a giant spiked club!
* * * LOW HITPOINT WARNING * * *
You hit the hill giant. You kick the hill giant.
The hill giant is severely wounded.
The hill giant hits you with a giant spiked club!!
You die...

##..### #..P...<.#.
##'# ###.......))
####.#####...........
#.#...#.))...........
#.....#.###..........
#.......##..........#
#|....####...........
##...## #...........
#.#@# #...........
###C# #.##........
#.# #####.....#. #.#
##...... #.# #......
##†# ##..... #..#
#.## #)#


You could see a hill giant.

Vanquished Creatures
  Pikel (D:7)
  4 hill giants
  Psyche (D:9)
  A two-headed ogre (D:8)
  2 wolves (Orc:3)
  3 wargs
  11 orc warriors
  A black bear (D:6)
  4 centaurs
  A sky beast (D:8)
  3 ice beasts
  A phantom (D:9)
  10 ogres
  2 giant frogs (D:6)
  A wyvern skeleton (D:8)
  3 scorpions
  A centaur zombie (D:6)
  6 crimson imps
  3 jellies
  A giant frog skeleton (D:4)
  5 hounds
  A giant frog zombie (D:5)
  Crazy Yiuf (D:7)
  An iguana (D:7)
  15 orc priests
  5 worker ants
  10 orc wizards
  A killer bee zombie (D:8)
  A hound zombie (D:8)
  A hound skeleton (D:7)
  5 worker ant zombies
  6 gnolls (D:6)
  12 adders
  2 shadow imps
  2 oozes (D:1)
  An adder skeleton (D:5)
  2 worms
  A giant gecko (D:1)
  85 orcs
  3 ball pythons
  8 hobgoblins
  4 jackals (D:8)
  10 kobolds
  3 bats
  6 giant cockroaches
  2 giant gecko zombies
  5 giant newts
  6 goblins
  5 quokkas
  A quokka zombie (D:9)
  4 rats
  2 fungi (D:7)
276 creatures vanquished.

Vanquished Creatures (others)
  An ogre (D:7)
  A quokka (D:5)
  3 butterflies (D:5)
  A plant (Orc:3)
6 creatures vanquished.

Grand Total: 282 creatures vanquished

Notes
Turn   | Place    | Note
--------------------------------------------------------------
     0 | D:1      | lauthentik the Centaur Fighter began the quest for the Orb.
     0 | D:1      | Reached XP level 1. HP: 19/19 MP: 1/1
    92 | D:1      | Reached XP level 2. HP: 20/26 MP: 2/2
   326 | D:1      | Reached XP level 3. HP: 23/31 MP: 3/3
  1614 | D:3      | Reached XP level 4. HP: 36/40 MP: 4/4
  1756 | D:3      | Reached skill level 1 in Dodging
  1756 | D:3      | Reached XP level 5. HP: 41/46 MP: 5/5
  1807 | D:3      | Reached skill level 1 in Maces & Flails
  1845 | D:3      | Reached skill level 4 in Fighting
  2048 | D:3      | Found a glowing golden altar of the Shining One.
  2057 | D:3      | Became a worshipper of the Shining One
  2168 | D:3      | Found a glowing golden altar of the Shining One.
  2177 | D:3      | Found a basalt altar of Yredelemnul.
  2183 | D:3      | Noticed an angel
  2352 | D:3      | Reached XP level 6. HP: 52/52 MP: 6/6
  2792 | D:4      | Reached XP level 7. HP: 44/60 MP: 7/7
  2890 | D:4      | Found Hippusof's Magic Scroll Shoppe.
  2895 | D:4      | Bought a scroll of identify for 26 gold pieces
  3231 | D:4      | Found a sparkling altar of Nemelex Xobeh.
  3231 | D:4      | Found a shadowy altar of Dithmenos.
  3395 | D:4      | Found a shattered altar of Ashenzari.
  3454 | D:5      | Entered Level 5 of the Dungeon
  3610 | D:5      | Reached * piety under the Shining One
  3610 | D:5      | Reached skill level 5 in Fighting
  3728 | D:5      | Found a white marble altar of Elyvilon.
  3744 | D:5      | Reached XP level 8. HP: 11/68 MP: 8/8
  3778 | D:5      | Found a staircase to the Ecumenical Temple.
  4562 | D:6      | Found a blossoming altar of Fedhas.
  4582 | D:6      | Reached ** piety under the Shining One
  4698 | D:6      | Found a snail-covered altar of Cheibriados.
  4713 | D:6      | Reached skill level 5 in Shields
  5157 | D:6      | Reached skill level 6 in Fighting
  5201 | D:6      | Reached XP level 9. HP: 73/75 MP: 9/9
  5402 | D:7      | Noticed Pikel
  5418 | D:7      | Killed Pikel
  5418 | D:7      | Reached skill level 5 in Maces & Flails
  5514 | D:7      | Found a radiant altar of Vehumet.
  6041 | D:7      | Found a sacrificial altar of Ru.
  6247 | D:7      | Noticed Crazy Yiuf
  6253 | D:7      | Killed Crazy Yiuf
  6414 | D:8      | Gained mutation: You expend magic power (3 MP) to strengthen your wands. [mutagenic meat]
  6415 | D:8      | Gained mutation: Your muscles are strong. (Str +2) [mutagenic meat]
  6416 | D:8      | Gained mutation: You are dopey. (Int -2) [mutagenic meat]
  6417 | D:8      | Gained mutation: Scrolls take you a little longer to read. [mutagenic meat]
  6449 | D:8      | Reached skill level 5 in Armour
  6525 | D:8      | Reached skill level 7 in Fighting
  6763 | D:8      | Found a bloodstained altar of Trog.
  7399 | D:9      | Reached *** piety under the Shining One
  7472 | D:9      | Reached XP level 10. HP: 67/86 MP: 3/10
  7921 | D:9      | Found a roughly hewn altar of Beogh.
  7921 | D:9      | Found a staircase to the Orcish Mines.
  8196 | D:9      | Noticed Psyche
  8214 | D:9      | Killed Psyche
  8214 | D:9      | Reached skill level 1 in Throwing
  8433 | D:9      | Noticed a hill giant
  8445 | D:9      | Killed a hill giant
  8513 | D:9      | Reached skill level 8 in Fighting
  8807 | Orc:1    | Entered Level 1 of the Orcish Mines
  8945 | Orc:1    | Noticed an orc knight
  9199 | Orc:2    | Noticed ConnectionFaild's ghost (adept SpHu)
  9249 | Orc:2    | Found Ewiuni's General Store.
  9265 | Orc:2    | Reached **** piety under the Shining One
  9757 | Orc:3    | Noticed a hill giant
  9758 | Orc:3    | Noticed a hill giant
  9761 | Orc:3    | Noticed a hill giant
  9762 | Orc:3    | Noticed a hill giant
  9764 | Orc:3    | Noticed a hill giant
  9788 | Orc:3    | Killed a hill giant
  9795 | Orc:3    | The Shining One protects you from harm!
  9807 | Orc:3    | Killed a hill giant
  9807 | Orc:3    | Reached XP level 11. HP: 7/95 MP: 4/11
  9814 | Orc:3    | Killed a hill giant
  9827 | Orc:3    | Slain by a hill giant

Action                   |  1- 3 |  4- 6 |  7- 9 | 10-12 || total
-------------------------+-------+-------+-------+-------++-------
Melee: War axe           |    40 |       |       |       ||    40
       Mace              |    68 |   160 |   531 |   359 ||  1118
       Flail             |       |       |     2 |       ||     2
Throw: Tomahawk          |       |       |     4 |    24 ||    28
Evoke: Wand              |       |       |     1 |     7 ||     8
  Use: Scroll            |       |     5 |     5 |     2 ||    12
       Potion            |       |       |     1 |     2 ||     3
  Eat: Chunk             |     1 |     4 |    12 |     7 ||    24
       Bread ration      |       |       |     1 |       ||     1
